 Dungeon Crawl Stone Soup version 0.29-a0-194-g6e3aafee17 (webtiles) character file.

Game seed: 14276854337203038647

187 cbfl8 the Sneak (level 5, 0/47 HPs)
             Began as a Minotaur Delver on Feb 22, 2022.
             Succumbed to a scorpion's poison
             ... on level 5 of the Dungeon.
             The game lasted 00:02:57 (880 turns).

cbfl8 the Sneak (Minotaur Delver)                    Turns: 880, Time: 00:02:58

Health: 0/47       AC:  9    Str: 16 (19) XL:     5   Next: 39%
Magic:  4/4        EV: 11    Int:  8 (11) God:
Gold:   30         SH:  0    Dex:  8 (11) Spells: 4/4 levels left

rFire   . . .      SeeInvis .   a - +1 hand axe
rCold   . . .      Faith    .   (no shield)
rNeg    . . .      Spirit   .   o - +1 ring mail
rPois   .          Reflect  .   (helmet restricted)
rElec   +          Harm     .   k - +2 cloak of Elyvilon's Hope {rElec Int+4}
rCorr   .          Rampage  .   (no gloves)
Will    .....                   (no boots)
Stlth   ++........              (no amulet)
HPRegen 0.15/turn               (no ring)
MPRegen 0.09/turn               (no ring)

@: lethally poisoned (0 -> -2), about to teleport
A: horns 2, retaliatory headbutt
a: no special abilities


You were on level 5 of the Dungeon.
You visited 1 branch of the dungeon, and saw 2 of its levels.

You collected 30 gold pieces.

Inventory:

Hand Weapons
 a - a +1 hand axe (weapon)
Armour
 b - a +0 leather armour
 k - the +2 cloak of Elyvilon's Hope (worn) {rElec Int+4}
   (You found it on level 5 of the Dungeon)

   Int:       It affects your intelligence (+4).
   rElec:     It insulates you from electricity.
 o - a +1 ring mail (worn)
Jewellery
 h - a ring of see invisible
Wands
 g - a wand of digging (3)
 m - a wand of polymorph (10)
Scrolls
 c - a scroll of fog
 d - a scroll of magic mapping
Potions
 f - a potion of haste


   Skills:
 + Level 4.4 Fighting
 + Level 3.0 Axes
 + Level 1.5 Armour
 + Level 2.7 Dodging
 + Level 5.6 Stealth


You had 4 spell levels left.
You didn't know any spells.
Your spell library contained the following spells:

 Spells                   Type           Power      Damage    Failure   Level
 Ozocubu's Armour         Ice            0%         N/A       94%         3
 Ozocubu's Refrigeration  Ice            0%         4d5       100%        7


Dungeon Overview and Level Annotations

Branches:
Dungeon (5/15)
 Temple: D:4-7

Altars:


Innate Abilities, Weirdness & Mutations

You have a pair of horns on your head.
You reflexively headbutt those who attack you in melee.


Message History

You are lethally poisoned!
The scorpion poisons you!
You hit the scorpion. Your headbutt misses the scorpion.
The scorpion is heavily wounded.
* * * LOW HITPOINT WARNING * * *
You feel very sick. The scorpion misses you.
You barely miss the scorpion. You headbutt the scorpion!
You kill the scorpion!
* * * LOW HITPOINT WARNING * * *
You feel sick.
Your Axes skill increases to level 3!
You have reached level 5!
There is a lethal amount of poison in your body!
There is a lethal amount of poison in your body!
There is a lethal amount of poison in your body!
Sorry, you're not good enough to have a special ability.
It was a potion of degeneration.
There was something very wrong with that liquid.
You feel weakened.
You feel dopey.
You feel clumsy.
* * * LOW HITPOINT WARNING * * *
You feel sick.
Okay, then.
As you read the scroll labelled OLEPIF AFAVIFF, it crumbles to dust.
It is a scroll of enchant weapon.
Your +0 hand axe glows red for a moment.
* * * LOW HITPOINT WARNING * * *
You feel sick.
As you read the scroll labelled QENNANAUMU, it crumbles to dust.
It is a scroll of enchant armour.
Your +0 ring mail glows green for a moment.
* * * LOW HITPOINT WARNING * * *
You feel sick.
Unknown command.
As you read the scroll labelled OMEREK UTZA, it crumbles to dust.
You feel strangely unstable.
It was a scroll of teleportation.
* * * LOW HITPOINT WARNING * * *
You feel sick.
Okay, then.
You die...

+.........).#
#...........#
..#######'#####
..#.......# ....#####.#
##.#.......#######
#..#.#............
#..#.#.###.########.###
##..#.#.##....†.@.......
..<.....>....#######.###
##..#.#.##...######
...................
##..#.#......######
......#.###..# ##..#.#.#
#..# ##..#.#.# #..#
....#.#.###..###


There were no monsters in sight!

Vanquished Creatures
  A necrophage (D:5)
  A scorpion (D:5)
  A centaur zombie (D:5)
  An adder (D:5)
  3 orcs (D:5)
7 creatures vanquished.

Notes
Turn   | Place    | Note
-------+----------+-------------------------------------------
     0 | D:5      | cbfl8 the Minotaur Delver began the quest for the Orb.
     0 | D:5      | Reached XP level 1. HP: 19/19 MP: 0/0
    88 | D:5      | Noticed a necrophage
   103 | D:5      | Killed a necrophage
   104 | D:5      | Reached skill level 1 in Armour
   104 | D:5      | Reached skill level 5 in Stealth
   104 | D:5      | Reached XP level 2. HP: 11/27 MP: 1/1
   104 | D:5      | Reached XP level 3. HP: 14/33 MP: 2/2
   104 | D:5      | Reached XP level 4. HP: 17/40 MP: 3/3
   537 | D:5      | Identified the +2 cloak of Elyvilon's Hope {rElec Int+4}
   818 | D:5      | Noticed an orc warrior
   862 | D:5      | Noticed a scorpion
   875 | D:5      | Killed a scorpion
   876 | D:5      | Reached XP level 5. HP: 5/47 MP: 4/4
   877 | D:5      | HP: 2/47 [poisoned by a scorpion]
   880 | D:5      | Succumbed to a scorpion's poison

Illustrated notes

Levels and vault maps discovered:
D:4:      layout_cave_pods, ashenzari_altar_1, zin_statuary, minmay_crossroads
D:5:      layout_basic

Skill      XL: |  1  2  3  4 |
---------------+-------------+-----
Fighting       | 4 |  4.4
Armour         | 1 |  1.5
Stealth        | 5 |  5.6
Axes           | 3 |  3.0
Dodging        | |  2.7

Action                   |  1- 3 |  4- 6 || total
-------------------------+-------+-------++-------
Melee: Hand axe          |    11 |    21 ||    32
       Headbutt          |     3 |     5 ||     8
  Use: Scroll            |       |     4 ||     4
       Potion            |       |     1 ||     1
 Stab: Sleeping          |       |     1 ||     1
Armor: Leather armour    |     1 |     2 ||     3
       Ring mail         |       |     5 ||     5
Dodge: Dodged            |    10 |    22 ||    32

Table legend: (Time is in decaauts)
 A = Elapsed time spent in this place.
 B = Non-inter-level travel time spent in this place.
 C = Inter-level travel time spent in this place.
 D = Time resting spent in this place.
 E = Time spent auto-exploring this place.
 F = Levels seen in this place.
 G = Mean time per level.
                   A        B        C        D        E       F      G
               +--------+--------+--------+--------+--------+-----+--------+
         Total |    887 |    887 |      0 |    185 |    133 |   2 |  443.5 |
       Dungeon |    887 |    887 |      0 |    185 |    133 |   2 |  443.5 |
               +--------+--------+--------+--------+--------+-----+--------+

Top non-repeatable levels by time:
     D:5: 882 daAuts
     D:4: 4 daAuts
